 Dungeon Crawl Stone Soup version 0.27.0-1-g7a089689b8 (webtiles) character file.

Game seed: 10321461945845930128

45 theswoord the Twirler (level 3, -5/27 HPs)
             Began as a Demonspawn Gladiator on Aug 8, 2021.
             Killed by nerve-wracking pain
             ... invoked by Grinder
              (13 damage)
             ... on level 3 of the Dungeon.
             The game lasted 00:01:44 (1387 turns).

theswoord the Twirler (Demonspawn Gladiator)        Turns: 1387, Time: 00:01:45

Health: -5/27      AC:  5    Str: 14    XL:     3   Next: 42%
Magic:  3/3        EV: 12    Int:  9    God:
Gold:   92         SH:  0    Dex: 15    Spells: 2/2 levels left

rFire    . . .     SeeInvis .   a - +0 quarterstaff
rCold    . . .     Faith    .   (shield currently unavailable)
rNeg     . . .     Spirit   .   b - +0 leather armour
rPois    .         Reflect  .   c - +0 helmet
rElec    .         Harm     .   (no cloak)
rCorr    .         Rampage  .   (no gloves)
Will     .....                  j - +0 pair of boots
Stlth    +.........             (no amulet)
HPRegen  0.09/turn              (no ring)
MPRegen  0.08/turn              (no ring)

@: flying
A: powered by death 1
a: no special abilities


You were on level 3 of the Dungeon.
You visited 1 branch of the dungeon, and saw 3 of its levels.

You collected 92 gold pieces.

Inventory:

Hand Weapons
 a - a +0 quarterstaff (weapon)
Missiles
 d - 3 throwing nets (quivered)
Armour
 b - a +0 leather armour (worn)
 c - a +0 helmet (worn)
 g - a +0 pair of gloves
 j - a +0 pair of boots (worn)
Scrolls
 e - a scroll of identify
 k - a scroll of magic mapping
Potions
 h - a potion of curing


   Skills:
 - Level 2.0 Fighting
 + Level 4.1 Staves
 - Level 1.7 Throwing
 - Level 2.6 Dodging


You had 2 spell levels left.
You didn't know any spells.
Your spell library was empty.

Dungeon Overview and Level Annotations

Branches:
Dungeon (3/15)

Altars:

Annotations:
D:3 Grinder


Innate Abilities, Weirdness & Mutations

You regenerate a little health from kills.


Message History

A frilled lizard is nearby!
A frilled lizard is nearby!
The frilled lizard hisses angrily.
You barely miss the frilled lizard. The frilled lizard barely misses you.
You hit the frilled lizard.
You kill the frilled lizard!
No target in view!
You now have 92 gold pieces (gained 14).
A goblin and Grinder come into view.
Grinder shouts!
Grinder gestures at you.
You suddenly lose the ability to move!
You can move again.
It was a potion of cancellation.
You feel magically purged.
It was a potion of flight.
You feel very buoyant.
You fly up into the air.
Okay, then.
Okay, then.
Grinder blinks!
You hit Grinder.
Grinder is lightly wounded.
Grinder hits you.
You writhe in agony.
You hit Grinder.
Grinder is lightly wounded.
Grinder hits you but does no damage.
You barely miss Grinder.
Grinder is lightly wounded.
Grinder hits you but does no damage.
You sock Grinder!
Grinder is moderately wounded.
Grinder hits you!
* * * LOW HITPOINT WARNING * * *
You writhe in agony.
* * * LOW HITPOINT WARNING * * *
You hit Grinder but do no damage.
Grinder is moderately wounded.
Grinder gestures at you. Pain shoots through your body!
You die...

....................
#.####...#.##.#...†.....
.........#..#.##........
..............##........
.......#.##.####........
.......#.##.## #....####
.......#.##..# #....#
#......#.###.###....#
......5@.......#
#.####.#.####..# ...#...
...... #####.####..#....
... ......... ###
##.#..... ....... ..
....


You could see Grinder.

Vanquished Creatures
  A worm (D:2)
  2 dart slugs
  4 endoplasms (D:1)
  2 giant cockroaches
  3 hobgoblins
  6 jackals
  4 kobolds (D:2)
  2 quokkas
  A ball python (D:1)
  3 bats
  3 frilled lizards
  A goblin (D:1)
  3 rats
35 creatures vanquished.

Notes
Turn   | Place    | Note
-------+----------+-------------------------------------------
     0 | D:1      | theswoord the Demonspawn Gladiator began the quest for the
                  | Orb.
     0 | D:1      | Reached XP level 1. HP: 16/16 MP: 1/1
   131 | D:1      | Reached skill level 3 in Staves
   187 | D:1      | Gained mutation: You regenerate a little health from kills.
                  | [demonic ancestry]
   187 | D:1      | Reached XP level 2. HP: 22/22 MP: 2/2
   750 | D:2      | Reached XP level 3. HP: 27/27 MP: 3/3
   929 | D:2      | Reached skill level 4 in Staves
  1059 | D:2      | Found a faded altar of an unknown god.
  1370 | D:3      | Noticed Grinder
  1370 | D:3      | Paralysed by Grinder for 3 turns
  1387 | D:3      | Killed from afar by Grinder

Skill      XL: |  1  2  3 |
---------------+----------+-----
Staves         | 3 4 |  4.1
Fighting       | |  2.0
Throwing       | |  1.7
Dodging        | |  2.6

Action                   || total
-------------------------++-------
Melee: Quarterstaff      ||    93
  Use: Scroll            ||     3
       Potion            ||     2
Armor: Leather armour    ||    39
Dodge: Dodged            ||    80

Levels and vault maps discovered:
D:1:      minmay_arrival_arboretum_small, layout_rooms, minmay_misc_feat_square
D:2:      layout_basic, ebering_ecumenical_altar_box
D:3:      layout_basic, ebering_ghost_reflecting_pool, uniq_grinder, uniq_ijyb
